 Dungeon Crawl Stone Soup version 0.18.1-51-gd549091e01 (webtiles) character file.

7577 magog001 the Blocker (level 10, -14/90 HPs)
             Began as a Minotaur Fighter on May 16, 2021.
             Was an Elder of Nemelex Xobeh.
             Demolished by a spatial maelstrom (17 damage)
             ... on level 3 of the Abyss.
             The game lasted 00:42:00 (7529 turns).

magog001 the Blocker (Minotaur Fighter)             Turns: 7529, Time: 00:42:00

Health: -14/90     AC: 23    Str: 28    XL:     10   Next: 97%
Magic:  19/19      EV:  7    Int: 10    God:    Nemelex Xobeh [****..]
Gold:   620        SH: 13    Dex:  8    Spells: 0 memorised, 9 levels left

rFire  + + .     SeeInvis .     w - +3 hand axe (pain)
rCold  x . .     Gourm    .     q - +0 plate armour
rNeg   . . .     Faith    .     c - +0 shield
rPois  .         Spirit   .     n - +3 hat of Pondering {ponderous, MR+ MP+10 Int+5}
rElec  .         Dismiss  .     l - +2 cloak
rCorr  +         Reflect  .     (no gloves)
SustAt .         Harm     .     j - +0 pair of boots
MR     +....                    y - amulet of regeneration
Stlth  ..........               N - ring of resist corrosion
                                x - ring of fire

@: slow, somewhat resistant to hostile enchantments, extremely unstealthy
A: retaliatory headbutt, horns 2, blink, clumsy 1, fire resistance 1, strong 2,
wild magic 1
a: Blink, Triple Draw, Deal Four, Renounce Religion


You were on level 3 of the Abyss.
You worshipped Nemelex Xobeh.
Nemelex Xobeh was greatly pleased with you.
You were near starving.

You visited 1 branch of the dungeon, and saw 9 of its levels.
You visited the Abyss 1 time.
You also visited: Sewer.

You collected 620 gold pieces.

Inventory:

Hand Weapons
 r - a +0 hunting sling
 w - a +3 hand axe of pain (weapon)
Missiles
 e - 472 stones (quivered)
 g - 4 silver tomahawks
 p - 76 sling bullets
 v - 6 tomahawks
Armour
 c - a +0 shield (worn)
 j - a +0 pair of boots (worn)
 l - a +2 cloak (worn)
 n - the +3 hat of Pondering (worn) {ponderous, MR+ MP+10 Int+5}
   (You took it off Gastronok on level 8 of the Dungeon)

   It affects your intelligence (+5).
   It affects your resistance to hostile enchantments.
   It affects your magic capacity (+10).
 q - a +0 plate armour (worn)
Jewellery
 k - a +2 ring of dexterity {unknown}
 x - a ring of fire (left hand)
 y - an amulet of regeneration (around neck)
 N - a ring of resist corrosion (right hand)
Wands
 m - a wand of random effects (46/48)
 Q - a wand of polymorph (9/24)
Scrolls
 o - 3 scrolls of recharging
 B - 3 scrolls of identify
 C - a scroll of teleportation
 G - 3 scrolls of remove curse
 H - a scroll of fog {unknown}
 J - a scroll of magic mapping {unknown}
 K - a scroll of fear
 L - a scroll of vulnerability {unknown}
 P - a scroll of amnesia {unknown}
Potions
 a - a potion of cancellation
 b - 3 potions of haste
 i - 2 potions of cure mutation
 s - a potion of invisibility
 u - a potion of magic
 D - 2 potions of might
Miscellaneous
 h - a plain deck of war
 E - a plain deck of war
 F - a plain deck of destruction
 O - an ornate deck of destruction
 R - a plain deck of escape
Comestibles
 f - 8 bread rations
 t - 5 meat rations
 z - a fruit


   Skills:
 * Level 8.6 Fighting
 * Level 9.8 Axes
 * Level 11.1 Armour
 * Level 12.4 Shields


You had 9 spell levels left.
You didn't know any spells.

Dungeon Overview and Level Annotations

Branches:
Dungeon (9/15)             Temple (0/1) D:6            Lair (0/8) D:8
    Orc: D:9-12

Altars:
Cheibriados
Fedhas
Gozag
Kikubaaqudgha
Nemelex Xobeh
Qazlal
Xom
Zin
The Shining One

Shops:
D:8 :

Annotations:
D:9 Psyche


Innate Abilities, Weirdness & Mutations

You reflexively headbutt those who attack you in melee.
You have a pair of horns on your head.
You can translocate small distances at will.
You are clumsy. (Dex -2)
Your flesh is heat resistant.
Your muscles are very strong. (Str +4)
Your spells are a little harder to cast, but a little more powerful.


Message History

3 spatial vortices and a rust devil come into view.
The rust devil screeches!
You slash the spatial vortex! You headbutt the spatial vortex.
The spatial vortex is moderately damaged.
The spatial maelstrom hits you but does no damage.
The spatial maelstrom hits you! Space warps horribly around you!
You block the spatial maelstrom's attack. x2
The spatial maelstrom barely misses you.
The spatial maelstrom hits you!
You blink.
You slash the spatial maelstrom!
The spatial maelstrom is lightly damaged.
The spatial maelstrom hits you!
* * * LOW HITPOINT WARNING * * *
Space bends around you.
* * * LOW HITPOINT WARNING * * *
The spatial maelstrom hits you!
* * * LOW HITPOINT WARNING * * *
Space warps horribly around you!
You die...
Your body disappears without a glow.

.. .. ##.
## .. .#
###.#.## ##
##..4...#..
#....ยง## #
....##.v# #
. #.#@##.#
###.#.#
#..#.#.#
#.##....#
.v vv.#.
...
.v.#.##. #.
##..### ..
. ...# ##
#..v#


You could see a spatial maelstrom, a spatial vortex and a rust devil.

Vanquished Creatures
  Gastronok (D:8)
  Erolcha (D:9)
  2 thrashing horrors (Abyss:2)
  A komodo dragon (D:8)
  An ancient zyme (Abyss:2)
  A troll (D:9)
  Sigmund (D:6)
  A wyvern (D:9)
  Grum (D:8)
  2 ice beasts
  A sky beast (D:6)
  An orc warrior (D:3)
  A phantom (D:4)
  2 ogres
  2 necrophages (D:9)
  4 wolves (D:8)
  2 centaurs
  A crocodile (Sewer)
  3 big kobolds (D:3)
  5 giant frogs
  2 scorpions
  4 wights
  3 howler monkeys (D:7)
  2 crimson imps (D:6)
  2 centaur zombies
  A centaur skeleton (D:6)
  2 hounds
  2 jellies
  An orc priest (D:3)
  2 iguanas
  2 orc wizards (D:4)
  6 worker ants
  Terence (D:3)
  5 gnolls
  9 adders
  A shadow imp (D:8)
  3 oozes
  An adder zombie (D:8)
  An adder skeleton (D:4)
  2 worms
  2 dart slugs
  7 giant geckos
  18 orcs
  9 bats
  9 giant cockroaches
  11 hobgoblins
  12 jackals
  4 quokkas
  A ball python (D:2)
  A giant gecko zombie (D:6)
  5 giant newts
  6 goblins
  A jackal skeleton (D:6)
  43 kobolds
  A quokka skeleton (D:6)
  4 rats
220 creatures vanquished.

Vanquished Creatures (others)
  A vampire mage (Abyss:3)
  2 fungi (D:5)
  5 plants (D:8)
8 creatures vanquished.

Grand Total: 228 creatures vanquished

Notes
Turn   | Place    | Note
--------------------------------------------------------------
     0 | D:1      | magog001 the Minotaur Fighter began the quest for the Orb.
     0 | D:1      | Reached XP level 1. HP: 19/19 MP: 0/0
   186 | D:1      | Reached XP level 2. HP: 24/27 MP: 1/1
   448 | D:2      | Found an ancient bone altar of Kikubaaqudgha.
   597 | D:2      | Reached skill level 4 in Shields
   701 | D:2      | Reached XP level 3. HP: 20/33 MP: 2/2
  1061 | D:2      | Found an opulent altar of Gozag.
  1061 | D:2      | Found a sparkling altar of Nemelex Xobeh.
  1075 | D:2      | Became a worshipper of Nemelex Xobeh the Trickster
  1224 | D:3      | Received a gift from Nemelex Xobeh
  1257 | D:3      | Reached XP level 4. HP: 40/40 MP: 3/3
  1272 | D:3      | Noticed an orc warrior
  1283 | D:3      | Killed an orc warrior
  1283 | D:3      | Reached skill level 5 in Armour
  1283 | D:3      | Reached skill level 5 in Shields
  1283 | D:3      | Reached XP level 5. HP: 13/47 MP: 4/4
  1375 | D:3      | Noticed Terence
  1384 | D:3      | Killed Terence
  1649 | D:3      | Found a glowing drain.
  1654 | Sewer    | Entered a sewer
  1716 | Sewer    | Noticed a crocodile
  1731 | Sewer    | Killed a crocodile
  1731 | Sewer    | Reached XP level 6. HP: 28/55 MP: 5/5
  2428 | D:3      | Reached skill level 5 in Fighting
  2440 | D:3      | Reached * piety under Nemelex Xobeh
  2509 | D:3      | Reached skill level 6 in Shields
  2509 | D:3      | Reached XP level 7. HP: 56/61 MP: 6/6
  2517 | D:3      | Reached skill level 5 in Axes
  3482 | D:4      | Reached skill level 7 in Shields
  3815 | D:5      | Entered Level 5 of the Dungeon
  3831 | D:5      | Reached ** piety under Nemelex Xobeh
  4271 | D:5      | Found a snail-covered altar of Cheibriados.
  4368 | D:5      | Reached XP level 8. HP: 70/70 MP: 7/7
  4405 | D:5      | Found a blossoming altar of Fedhas.
  4408 | D:5      | Found a stormy altar of Qazlal.
  4676 | D:6      | Reached skill level 8 in Shields
  4781 | D:6      | Found a staircase to the Ecumenical Temple.
  5049 | D:6      | You fall through a shaft for 2 floors!
  5050 | D:8      | Noticed Grum
  5069 | D:8      | Killed Grum
  5069 | D:8      | Reached skill level 9 in Shields
  5128 | D:8      | Found a staircase to the Lair.
  5130 | D:8      | Noticed a komodo dragon
  5154 | D:8      | Killed a komodo dragon
  5154 | D:8      | Reached XP level 9. HP: 75/78 MP: 8/8
  5233 | D:8      | Received a gift from Nemelex Xobeh
  5253 | D:8      | Gained mutation: You evolve. [potion of mutation]
  5253 | D:8      | Gained mutation: You can translocate small distances at will. [potion of mutation]
  5253 | D:8      | Gained mutation: Your spells are a little harder to cast, but a little more powerful. [potion of mutation]
  5255 | D:8      | Gained mutation: Your muscles are strong. (Str +2) [potion of mutation]
  5255 | D:8      | Lost mutation: You evolve. [potion of mutation]
  5256 | D:8      | Gained mutation: You are clumsy. (Dex -2) [potion of mutation]
  5256 | D:8      | Gained mutation: Your muscles are very strong. (Str +4) [potion of mutation]
  5256 | D:8      | Gained mutation: Your flesh is heat resistant. [potion of mutation]
  5312 | D:8      | Noticed Gastronok
  5341 | D:8      | Killed Gastronok
  5341 | D:8      | Reached skill level 10 in Shields
  5451 | D:8      | Reached XP level 10. HP: 69/86 MP: 9/9
  5807 | D:7      | Found a glowing silver altar of Zin.
  5809 | D:7      | Noticed an angel
  5814 | D:7      | Found a shimmering altar of Xom.
  5844 | D:7      | Reached *** piety under Nemelex Xobeh
  5888 | D:7      | Received a gift from Nemelex Xobeh
  5905 | D:7      | Reached skill level 11 in Shields
  5912 | D:7      | Found a glowing golden altar of the Shining One.
  6090 | D:7      | Reached skill level 10 in Armour
  6301 | D:6      | Noticed Sigmund
  6309 | D:6      | Killed Sigmund
  6428 | D:5      | You fall through a shaft!
  6555 | D:7      | Received a gift from Nemelex Xobeh
  6838 | D:8      | Found Titril's Book Boutique.
  7014 | D:9      | Noticed Erolcha
  7033 | D:9      | Killed Erolcha
  7227 | D:9      | Received a gift from Nemelex Xobeh
  7259 | D:9      | Reached **** piety under Nemelex Xobeh
  7277 | D:9      | Noticed Psyche
  7308 | D:9      | Cast into level 2 of the Abyss (Psyche)
  7386 | Abyss:2  | Noticed a thrashing horror
  7422 | Abyss:2  | Noticed a thrashing horror
  7437 | Abyss:2  | Killed a thrashing horror
  7437 | Abyss:2  | Reached skill level 12 in Shields
  7442 | Abyss:2  | Killed a thrashing horror
  7461 | Abyss:2  | Noticed a bone dragon
  7512 | Abyss:3  | Noticed a spatial maelstrom
  7519 | Abyss:3  | Killed a vampire mage
  7526 | Abyss:3  | Noticed a rust devil
  7529 | Abyss:3  | HP: 3/90 [spatial maelstrom (10)]
  7529 | Abyss:3  | Demolished by a spatial maelstrom

Skill      XL: |  1  2  3  4  5  6  7  8  9 10 |
---------------+-------------------------------+-----
Armour         | 4 5 6 8 9 11 | 11.1
Fighting       | 4 5 6 7 8 |  8.6
Shields        | 4 5 6 7 9 10 12 | 12.4
Axes           | 3 4 5 7 8 9 |  9.8

Action                   |  1- 3 |  4- 6 |  7- 9 | 10-12 || total
-------------------------+-------+-------+-------+-------++-------
Melee: War axe           |    68 |    85 |       |       ||   153
       Headbutt          |     7 |    16 |    65 |    39 ||   127
       Hand axe          |       |    55 |   268 |   171 ||   494
  Use: Scroll            |     6 |     3 |     6 |     2 ||    17
       Potion            |       |     2 |    10 |     6 ||    18
 Stab: Distracted        |       |       |     1 |       ||     1
  Eat: Chunk             |     1 |     1 |     8 |     3 ||    13
       Royal jelly       |       |     1 |     1 |       ||     2
       Fruit             |       |       |     2 |       ||     2
       Beef jerky        |       |       |     1 |     2 ||     3
Armor: Scale mail        |     4 |       |       |       ||     4
       Chain mail        |    33 |       |       |       ||    33
       Plate armour      |    18 |   143 |   141 |   115 ||   417
       Skin              |       |       |       |    13 ||    13
Dodge: Dodged            |    27 |    34 |    52 |    46 ||   159
Block: Shield            |    50 |   123 |   151 |   144 ||   468
